 Dungeon Crawl Stone Soup version 0.32-a0-22-g6ae6769602 (webtiles) character file.

Game seed: 7255684632550612236

378 IdlyInterested the Shield-Bearer (level 6, -4/49 HPs)
             Began as a Demonspawn Fighter on Jan 18, 2024.
             Incinerated by a bombardier beetle (5 damage)
             ... with a burning spray
             ... on level 5 of the Dungeon.
             The game lasted 00:11:38 (3602 turns).

IdlyInterested the Shield-Bearer (DsFi)             Turns: 3602, Time: 00:11:38

Health: -4/49      AC: 19    Str: 19    XL:     6   Next: 45%
Magic:  6/6        EV:  9    Int:  8    God:
Gold:   190        SH:  5    Dex: 12    Spells: 5/5 levels left

rFire   . . .        p - +1 short sword (protect)
rCold   . . .        b - +0 buckler
rNeg    . . .        a - +0 scale mail
rPois   .            (helmet unavailable)
rElec   .            (no cloak)
rCorr   .            j - +0 pair of gloves
SInv    +            x - +0 pair of boots
Will    +....        (no amulet) Stlth
                     i - ring of willpower
HPRegen 0.28/turn    t - +4 ring of protection
MPRegen 0.10/turn

%: no passive effects
@: on fire, under a protective aura, glowing
A: antennae 3
a: no special abilities


You were on level 5 of the Dungeon.
You visited 1 branch of the dungeon, and saw 5 of its levels.

You collected 190 gold pieces.

Inventory:

Hand Weapons
 c - a +0 flail
 h - a +0 hand axe
 p - a +1 short sword of protection (weapon)
 s - a +0 spear
 y - a +0 short sword
Missiles
 f - 51 stones (quivered)
 n - a throwing net
 v - 4 poisoned darts
Armour
 a - a +0 scale mail (worn)
 b - a +0 buckler (worn)
 j - a +0 pair of gloves (worn)
 x - a +0 pair of boots (worn)
Jewellery
 i - a ring of willpower (left hand)
 t - a +4 ring of protection (right hand)
Wands
 u - a wand of roots (9)
Scrolls
 d - a scroll of blinking {unknown}
 g - a scroll of vulnerability {unknown}
 k - 2 scrolls of immolation
 m - 2 scrolls of teleportation
 w - a scroll of fog
Potions
 e - a potion of cancellation {unknown}
 q - a potion of magic
 r - a potion of enlightenment {unknown}


   Skills:
 * Level 4.4 Fighting
 - Level 2.0 Throwing
 - Level 2.6 Armour
 + Level 1.4 Dodging
 - Level 1.0 Stealth
 - Level 5.0 Shields
 - Level 2.0 Unarmed Combat


You had 5 spell levels left.
You didn't know any spells.
Your spell library contained the following spells:

 Spells                   Type           Power      Damage    Failure   Level
 Dazzling Flash           Conj/Hex       0%         N/A       99%         3
 Tukima's Dance           Hex            0%         N/A       99%         3
 Volatile Blastmotes      Fire/Tloc      0%         2d10      99%         3
 Dimensional Bullseye     Hex/Tloc       0%         N/A       100%        4
 Iskenderun's Mystic Bla  Conj/Tloc      0%         2d3       100%        4
 Starburst                Conj/Fire      0%         6d3       100%        6
 Maxwell's Capacitive Co  Air            0%         ∞         100%        8


Dungeon Overview and Level Annotations

Branches:
Dungeon (5/15)
 Temple: D:4-7

Altars:
Dithmenos
Trog


Innate Abilities, Weirdness & Mutations

You have a pair of large antennae on your head. (SInv)


Message History

You hit the bombardier beetle.
The bombardier beetle is moderately wounded.
The liquid fire burns you!
You hit the bombardier beetle but do no damage.
The bombardier beetle is moderately wounded.
The liquid fire burns you!
You block the bombardier beetle's attack.
You barely miss the bombardier beetle.
The bombardier beetle is moderately wounded.
The liquid fire burns you!
You block the bombardier beetle's attack.
You hit the bombardier beetle.
The bombardier beetle is heavily wounded.
The liquid fire burns you!
You barely miss the bombardier beetle.
The bombardier beetle is heavily wounded.
The liquid fire burns you!
* * * LOW HITPOINT WARNING * * *
The bombardier beetle bites you but does no damage.
You hit the bombardier beetle.
The bombardier beetle is heavily wounded.
The liquid fire burns you!
* * * LOW HITPOINT WARNING * * *
The bombardier beetle sprays incendiary fluid at you.
The burning spray hits you.
You are even more covered in liquid fire!
You hit the bombardier beetle.
The bombardier beetle is severely wounded.
The liquid fire burns you!
* * * LOW HITPOINT WARNING * * *
You hit the bombardier beetle but do no damage.
The bombardier beetle is severely wounded.
The liquid fire burns you!
* * * LOW HITPOINT WARNING * * *
The bombardier beetle bites you but does no damage.
Unknown command.
You barely miss the bombardier beetle.
The bombardier beetle is severely wounded.
The liquid fire burns you!
You die...

.... ...# ... ....
.......## ... ....
####
#.##..#####..##
#.......#.....#
#......##..B.#
####<...##..@.#
##.......###..###
#.........#.....#
........#.......###
.....####...#.###
............###
#... .......#
##.......#### .....


You could see a bombardier beetle.

Vanquished Creatures
  Grinder (D:4)
  A bombardier beetle (D:4)
  A jelly (D:4)
  4 adders
  4 dart slugs (D:1)
  A ribbon worm (D:3)
  An orc (D:3)
  11 bats
  8 endoplasms
  5 giant cockroaches
  9 goblins
  8 hobgoblins
  2 jackals (D:1)
  5 quokkas
  A ball python (D:2)
  5 frilled lizards
  7 kobolds
  7 rats
81 creatures vanquished.

Notes
Turn   | Place    | Note
-------+----------+-------------------------------------------
     0 | D:1      | IdlyInterested the Demonspawn Fighter began the quest for
                  | the Orb.
     0 | D:1      | Reached XP level 1. HP: 18/18 MP: 1/1
    72 | D:1      | Gained mutation: You have a pair of small antennae on your
                  | head. [demonic ancestry]
    72 | D:1      | Reached XP level 2. HP: 10/24 MP: 2/2
   297 | D:1      | Reached skill level 1 in Dodging
   466 | D:1      | Gained mutation: You have a pair of antennae on your head.
                  | [demonic ancestry]
   466 | D:1      | Reached XP level 3. HP: 30/30 MP: 3/3
   653 | D:1      | Reached skill level 1 in Throwing
   973 | D:2      | Reached skill level 3 in Shields
   980 | D:2      | Reached XP level 4. HP: 36/37 MP: 4/4
  1824 | D:3      | Reached skill level 1 in Stealth
  2139 | D:3      | Found a shadowy altar of Dithmenos.
  2177 | D:3      | Found a faded altar of an unknown god.
  2799 | D:4      | HP: 1/37 [goblin/+0 club (3)]
  2800 | D:4      | Reached XP level 5. HP: 1/42 MP: 5/5
  2969 | D:4      | Found a bloodstained altar of Trog.
  3000 | D:4      | Reached skill level 4 in Shields
  3110 | D:4      | Noticed Grinder
  3119 | D:4      | Paralysed by Grinder for 5 turns
  3136 | D:4      | Paralysed by Grinder for 2 turns
  3167 | D:4      | Killed Grinder
  3168 | D:4      | Reached skill level 5 in Shields
  3168 | D:4      | Gained mutation: You have a pair of large antennae on your
                  | head. (SInv) [demonic ancestry]
  3168 | D:4      | Reached XP level 6. HP: 18/49 MP: 6/6
  3576 | D:5      | Entered Level 5 of the Dungeon
  3601 | D:5      | HP: 1/49 [burnt (6)]
  3602 | D:5      | Incinerated by a bombardier beetle

Illustrated notes

Levels and vault maps discovered:
D:1:      amcnicky_arrival_feature_with_door, layout_rooms, minmay_hedge_maze,
          minmay_tetromino_o4
D:2:      layout_loops_ring
D:3:      layout_basic, mainiacjoe_overflow_chevrons,
          shapermc_ecumenical_altar_gd, grunt_decor_arrowhead, minmay_ruptured
D:4:      layout_gridville, overflow_temple_1_default,
          serial_library_hellmonk_reading_circle, uniq_grinder
D:5:      nicolae_cairo_tiling_large, layout_cave_pools, serial_shops,
          kennysheep_little_box

Skill      XL: |  1  2  3  4  5 |
---------------+----------------+-----
Dodging        | 1 |  1.4
Fighting       | 4 |  4.4
Throwing       | 1 2 |  2.0
Shields        | 3 5 |  5.0
Stealth        | 1 |  1.0
Unarmed Combat | 2 |  2.0
Armour         | |  2.6

Action                     |  1- 3 |  4- 6 || total
---------------------------+-------+-------++-------
  Melee: Unarmed           |   198 |    63 ||   261
         Short sword       |       |   244 ||   244
  Throw: Stone             |       |     4 ||     4
    Use: Scroll            |       |     3 ||     3
         Potion            |       |     2 ||     2
 Armour: Scale mail        |   105 |   142 ||   247
  Dodge: Dodged            |    81 |   112 ||   193
  Block: Buckler           |    33 |    65 ||    98

Table legend: (Time is in decaauts)
 A = Elapsed time spent in this place.
 B = Non-inter-level travel time spent in this place.
 C = Inter-level travel time spent in this place.
 D = Time resting spent in this place.
 E = Time spent auto-exploring this place.
 F = Levels seen in this place.
 G = Mean time per level.
                   A        B        C        D        E       F      G
               +--------+--------+--------+--------+--------+-----+--------+
         Total |   3607 |   3398 |    209 |    592 |   1783 |   5 |  721.4 |
       Dungeon |   3607 |   3398 |    209 |    592 |   1783 |   5 |  721.4 |
               +--------+--------+--------+--------+--------+-----+--------+

Top non-repeatable levels by time:
     D:3: 970 daAuts
     D:1: 899 daAuts
     D:2: 883 daAuts
     D:4: 828 daAuts
     D:5: 26 daAuts
